 Seeded DCSS version 0.29.1-15-g9cfb28693d (webtiles) character file.

Game seed: 1 (custom seed)

21 Kazon the Shooter (level 2, -1/29 HPs)
             Began as an Ogre Hunter on Feb 28, 2023.
             Slain by a worm (5 damage)
             ... on level 2 of the Dungeon.
             The game lasted 00:04:01 (674 turns).

Kazon the Shooter (Ogre Hunter)                      Turns: 674, Time: 00:04:02

Health: -1/29      AC:  3    Str: 17    XL:     2   Next: 83%
Magic:  11/11      EV: 10    Int: 10    God:
Gold:   121        SH:  0    Dex: 12    Spells: 1/1 levels left

rFire   . . .      SeeInvis .   e - +0 dagger
rCold   + + .      Faith    .   (no shield)
rNeg    . . .      Spirit   .   c - +0 robe
rPois   .          Reflect  .   (helmet restricted)
rElec   .          Harm     .   (no cloak)
rCorr   .          Rampage  .   (gloves unavailable)
Will    .....                   (boots unavailable)
Stlth   +.........              h - amulet of the acrobat
HPRegen 0.09/turn               d - ring "Guatux" {rC++ MP+9 Str+3}
MPRegen 0.12/turn               (no ring)

@: no status effects
A: large, unfitting armour, tough skin 1
a: no special abilities


You were on level 2 of the Dungeon.
You visited 1 branch of the dungeon, and saw 2 of its levels.

You collected 121 gold pieces.

Inventory:

Hand Weapons
 a - a +0 shortbow
 e - a +0 dagger (weapon)
 i - a +0 whip
Armour
 c - a +0 robe (worn)
Jewellery
 d - the ring "Guatux" (left hand) {rC++ MP+9 Str+3}
   (You acquired it on level 1 of the Dungeon)

   [ring of magical power]

   Str:       It affects your strength (+3).
   rC:        It greatly protects you from cold.
   MP:        It affects your magic capacity (+9).
 h - an amulet of the acrobat (around neck)
Scrolls
 b - a scroll of immolation
 k - a scroll of identify {unknown}
Potions
 f - a potion of haste {unknown}
 g - a potion of flight {unknown}
 j - a potion of attraction {unknown}


   Skills:
 + Level 2.8 Fighting
 + Level 3.4 Ranged Weapons
 + Level 1.8 Dodging
 + Level 0.7 Stealth


You had one spell level left.
You didn't know any spells.
Your spell library was empty.

Dungeon Overview and Level Annotations

Branches:
Dungeon (2/15)

Altars:


Innate Abilities, Weirdness & Mutations

You are too large for most types of armour.
You have tough skin. (AC +1)


Message History

Where to? (? - help)
There is an open door here.
There is an open door here.
There is a stone staircase leading down here.
You climb downwards.
Found a scroll labelled NAURHE KYU.
Found a stone staircase leading down.
There is a stone staircase leading up here.
Found 5 stones.
k - a scroll labelled NAURHE KYU
Found 13 gold pieces.
Found a stone staircase leading down.
A worm comes into view.
You hit the worm.
The worm is lightly wounded.
The worm bites you!
You hit the worm but do no damage. The worm completely misses you.
You hit the worm but do no damage. You hit the worm.
The worm is moderately wounded.
The worm bites you!
You barely miss the worm.
The worm is lightly wounded.
You hit the worm.
The worm is moderately wounded.
The worm barely misses you.
You hit the worm.
The worm is moderately wounded.
The worm bites you.
* * * LOW HITPOINT WARNING * * *
You hit the worm.
The worm is heavily wounded.
You completely miss the worm. You punch the worm.
The worm is severely wounded.
The worm closely misses you.
You hit the worm.
The worm is severely wounded.
You hit the worm.
The worm is almost dead.
The worm bites you.
You die...

#.#####.......
.......>##..#
#####....##..#
#............#
#.#########.## #
#.# #.# ###.#
#.# #.#
......##.# #<#
#.w@#......>...#
####.###########
.# .# ##


You could see a worm.

Vanquished Creatures
  4 endoplasms (D:1)
  A giant cockroach (D:1)
  4 goblins (D:1)
  2 hobgoblins (D:1)
  A kobold (D:1)
  A quokka (D:1)
  A bat (D:1)
  3 rats (D:1)
17 creatures vanquished.

Notes
Turn   | Place    | Note
-------+----------+-------------------------------------------
     0 | D:1      | Kazon the Ogre Hunter began the quest for the Orb.
     0 | D:1      | Reached XP level 1. HP: 22/22 MP: 1/1
    33 | D:1      | Identified a scroll of acquirement
    33 | D:1      | Acquired the ring "Guatux" {rC++ MP+9 Str+3}
    36 | D:1      | Reached skill level 3 in Ranged Weapons
   122 | D:1      | Reached XP level 2. HP: 29/29 MP: 2/2
   674 | D:2      | Slain by a worm

Illustrated notes

Levels and vault maps discovered:
D:1:      dpeg_arrival_three_smaller_balls, layout_basic
D:2:      layout_loops_ring

Skill      XL: |  1 |
---------------+----+-----
Ranged Weapons | 3 |  3.4
Fighting       | |  2.8
Dodging        | |  1.8
Stealth        | |  0.7

Action                   || total
-------------------------++-------
Melee: Dagger            ||    29
       Punch             ||     1
 Fire: Shortbow          ||    35
  Use: Scroll            ||     1
 Stab: Sleeping          ||     1
Armor: Robe              ||     9
Dodge: Dodged            ||    26
